 Dungeon Crawl Stone Soup version 0.18-a0-486-gab6c0bd (webtiles) character file.

189 M4edhros the Sneak (level 5, 0/33 HPs)
             Began as an Octopode Artificer on Dec 2, 2015.
             Slain by a giant frog skeleton (1 damage)
             ... on level 4 of the Dungeon.
             The game lasted 00:02:22 (1800 turns).

M4edhros the Sneak (Octopode Artificer)             Turns: 1800, Time: 00:02:22

Health: 0/33       AC:  1    Str: 10    XL:     5   Next: 68%
Magic:  8/8        EV: 13    Int: 16    God:
Gold:   82         SH:  0    Dex: 17    Spells: 0 memorised, 4 levels left

rFire  . . .     SeeInvis .     u - +0 spear (venom)
rCold  . . .     Clarity  .     (no shield)
rNeg   . . .     SustAt   +     (helmet restricted)
rPois  .         Gourm    .     (no amulet)
rElec  .         Spirit   .     g - +5 ring of dexterity
rCorr  .         Dismiss  .     k - ring of sustain attributes
rMut   .         Stasis   .     (no ring)
MR     .....                    (no ring)
Stlth  +++++.....               (no ring)
                                (no ring)
                                (no ring)
                                (no ring)

@: not resistant to hostile enchantments, quite stealthy
A: almost no armour, amphibious, 8 rings, constrict 8, camouflage 1, gelatinous
body 1
a: no special abilities


You were on level 4 of the Dungeon.
You were not hungry.

You visited 1 branch of the dungeon, and saw 4 of its levels.

You collected 82 gold pieces.

Inventory:

Hand Weapons
 a - a +0 short sword
 r - a +0 rapier
 u - a +0 spear of venom (weapon)
Missiles
 m - 40 sling bullets
 x - 34 stones (quivered)
Jewellery
 g - a +5 ring of dexterity (left tentacle)
 k - a ring of sustain attributes (right tentacle)
Wands
 b - a wand of flame (14)
 c - a wand of enslavement (14)
 d - a wand of random effects (12)
Scrolls
 j - a scroll of fear {unknown}
 q - a scroll of fog {unknown}
 t - a scroll of remove curse {unknown}
 w - a scroll of amnesia {unknown}
 y - a scroll of identify {unknown}
Potions
 f - 2 potions of heal wounds {unknown}
 h - a potion of mutation {unknown}
 i - a potion of experience {unknown}
 l - 2 potions of might {unknown}
 o - 2 potions of curing {unknown}
 p - a potion of flight {unknown}
 s - a potion of magic {unknown}
 v - a potion of resistance {unknown}
 z - a potion of agility {unknown}
Comestibles
 e - 2 bread rations
 n - 2 meat rations
 A - a chunk of flesh


   Skills:
 - Level 1.0 Fighting
 - Level 1.0 Short Blades
 - Level 2.0 Dodging
 + Level 5.5 Stealth
 + Level 5.2 Evocations


You had 4 spell levels left.
You didn't know any spells.

Dungeon Overview and Level Annotations

Branches:
Dungeon (4/15)
 Temple: D:4-7

Altars:
Cheibriados
Elyvilon
Yredelemnul

Annotations:
D:3 Robin


Innate Abilities, Weirdness & Mutations

You cannot wear most types of armour.
You are amphibious.
You can wear up to eight rings at the same time.
You can use your tentacles to constrict eight enemies at once.
Your skin changes colour to match your surroundings (Stealth).
Your rubbery body absorbs attacks (AC +1).


Message History

You grab the giant frog skeleton. You constrict the giant frog skeleton.
The giant frog skeleton hits you.
You hit the giant frog skeleton. You constrict the giant frog skeleton.
The giant frog skeleton hits you!
You hit the giant frog skeleton. You squeeze the giant frog skeleton!
You constrict the giant frog skeleton. The giant frog skeleton hits you.
* * * LOW HITPOINT WARNING * * *
The giant frog skeleton hits you.
* * * LOW HITPOINT WARNING * * *
You are too injured to fight recklessly!
Drink which item? (? for menu, Esc to quit)
Okay, then.
Evoke which item? (* to show all) (? for menu, Esc to quit)
Zapping:
b - a wand of flame (15)
Press: ? - help, Shift-Dir - straight line, f - giant frog skeleton
Aim: a giant frog skeleton (constricted by you)
The puff of flame hits the giant frog skeleton.
This wand has 14 charges left.
You constrict the giant frog skeleton. The giant frog skeleton hits you.
You die...

...?....
.......#
.......#
##.#.....#
##.........
##....⌠#..!.
#..........#
#.)@Z†....#
#..)).....#
##..w.⌠.....
##...##.###
###.# # .#
.# .#


You could see a worm and a giant frog skeleton.

Vanquished Creatures
  Ijyb (D:2)
  A hound (D:3)
  Terence (D:2)
  5 adders
  3 gnolls (D:3)
  2 worms (D:3)
  4 orcs
  A giant cockroach (D:1)
  A goblin (D:1)
  A hobgoblin (D:1)
  5 kobolds
  A quokka (D:4)
  A giant newt (D:1)
  5 rats
32 creatures vanquished.

Vanquished Creatures (collateral kills)
  An ooze (D:3)
  2 giant cockroaches (D:3)
  A goblin (D:3)
4 creatures vanquished.

Grand Total: 36 creatures vanquished

Notes
Turn   | Place    | Note
--------------------------------------------------------------
     0 | D:1      | M4edhros the Octopode Artificer began the quest for the Orb.
     0 | D:1      | Reached XP level 1. HP: 13/13 MP: 3/3
   185 | D:1      | Reached XP level 2. HP: 15/18 MP: 4/4
   414 | D:2      | Noticed Terence
   420 | D:2      | Killed Terence
   420 | D:2      | Reached skill level 4 in Evocations
   420 | D:2      | Reached XP level 3. HP: 21/23 MP: 4/6
   628 | D:2      | Reached XP level 4. HP: 21/28 MP: 7/7
   712 | D:2      | Found a white marble altar of Elyvilon.
   800 | D:2      | Found a basalt altar of Yredelemnul.
  1033 | D:2      | Noticed Ijyb
  1047 | D:2      | Killed Ijyb
  1226 | D:3      | Reached skill level 5 in Evocations
  1226 | D:3      | Reached XP level 5. HP: 33/33 MP: 8/8
  1229 | D:3      | Reached skill level 5 in Stealth
  1423 | D:3      | Noticed Robin
  1721 | D:3      | Found a snail-covered altar of Cheibriados.
  1799 | D:4      | HP: 1/33 [giant frog skeleton (6)]
  1800 | D:4      | Slain by a giant frog skeleton

Vault maps used:
D:1:      scummos_arrival_forest
D:2:      kennysheep_ying_yang, grunt_temple_overflow_growth_and_decay,
          uniq_iyjb, uniq_terence
D:3:      lemuel_crystal_altar, uniq_robin
D:4:      nicolae_overflow_crystal_walls, minmay_temple_entry_overgrown,
          first_bread, grunt_ministairs_1, serial_bayou_lagoon_a

Action                   |  1- 3 |  4- 6 || total
-------------------------+-------+-------++-------
Melee: Short sword       |    33 |       ||    33
       Rapier            |       |    29 ||    29
       Spear             |       |    30 ||    30
Evoke: Wand              |       |     5 ||     5
 Stab: Distracted        |     2 |       ||     2
       Sleeping          |     3 |     7 ||    10
  Eat: Chunk             |       |     3 ||     3
